 Dungeon Crawl Stone Soup version 0.31-a0-1467-g53b6572822 (webtiles) character file.

Game seed: 812456360923433550

13339 walkinthepark the Martial Artist (level 12, -1/84 HPs)
             Began as an Octopode Shapeshifter on Dec 28, 2023.
             Was a Priest of Okawaru.
             Slain by a seven-headed hydra (13 damage)
             ... on level 2 of the Lair of Beasts.
             The game lasted 00:28:59 (13585 turns).

walkinthepark the Martial Artist (OpSh)            Turns: 13585, Time: 00:29:01

Health: -1/84      AC:  1    Str: 13    XL:     12   Next: 5%
Magic:  19/21      EV: 28    Int: 13    God:    Okawaru [***...]
Gold:   479        SH:  8    Dex: 22    Spells: 11/11 levels left

rFire   . .          .
                       - Unarmed
rCold   . . .        y - +0 buckler
rNeg    . . .        (helmet currently unavailable)
rPois   .            l - amulet of regeneration
rElec   .            d - +5 ring of evasion
rCorr   .            e - ring of magical power
SInv    .            m - +6 ring of dexterity
Will    .....        (no ring)
Stlth   ++++         (no ring)
HPRegen 1.14/turn    (no ring)
MPRegen 0.17/turn    (no ring)
                     (no ring)

%: no passive effects
@: beast-form, heroic
A: beast (slay +4), almost no armour, amphibious, 8 rings, camouflage 1,
gelatinous body 1, (nimble swimmer 1), tentacles
a: Begin Untransformation, Renounce Religion, Heroism


You were on level 2 of the Lair of Beasts.
You worshipped Okawaru.
Okawaru was most pleased with you.
You were a hulking beast.
You visited 2 branches of the dungeon, and saw 13 of its levels.
You also visited: Bailey.

You collected 805 gold pieces.
You spent 326 gold pieces at shops.

Inventory:

Missiles
 i - a throwing net
Armour
 y - a +0 buckler (worn)
Jewellery
 d - a +5 ring of evasion (left tentacle)
 e - a ring of magical power (right tentacle)
 k - a ring of ice
 l - an amulet of regeneration (around mantle)
 m - a +6 ring of dexterity (on tentacle)
 n - an amulet of regeneration
 r - a ring of fire
 s - an amulet of magic regeneration
 A - an amulet of the acrobat
 M - an amulet of reflection
Talismans
 b - a beast talisman
 c - a flux talisman
 E - a granite talisman
Wands
 g - a wand of paralysis (3)
 u - a wand of digging (4)
 B - a wand of flame (49)
 K - a wand of polymorph (6)
 L - a wand of iceblast (6)
Scrolls
 f - a scroll of brand weapon
 o - a scroll of blinking
 q - 4 scrolls of identify
 v - 3 scrolls of fog
 w - a scroll of fear
 C - 3 scrolls of amnesia
 D - a scroll of poison
 F - 3 scrolls of enchant armour
 G - 2 scrolls of enchant weapon
 I - 4 scrolls of teleportation
 J - 2 scrolls of immolation
Potions
 a - 5 potions of lignification
 h - a potion of mutation
 j - a potion of brilliance
 p - 3 potions of enlightenment
 t - 4 potions of degeneration
 x - 2 potions of attraction
 z - 2 potions of curing
 H - a potion of cancellation


   Skills:
 - Level 8.7(13.7) Fighting
 - Level 7.6(12.6) Dodging
 - Level 6.8(11.8) Shields
 - Level 10.0(15.0) Unarmed Combat
 + Level 9.7 Shapeshifting


You had 11 spell levels left.
You didn't know any spells.
Your spell library contained the following spells:

 Spells                   Type           Power      Damage    Failure   Level
 Foxfire                  Conj/Fire      0%         2x1d4     36%         1
 Lesser Beckoning         Tloc           0%         N/A       50%         2
 Dazzling Flash           Conj/Hex       0%         N/A       73%         3
 Gell's Gravitas          Tloc           0%         N/A       73%         3
 Mephitic Cloud           Conj/Alch/Air  0%         N/A       73%         3
 Ozocubu's Armour         Ice            0%         N/A       73%         3
 Teleport Other           Tloc           0%         N/A       73%         3
 Leda's Liquefaction      Alch/Erth      0%         N/A       98%         4
 Alistair's Intoxication  Alch           0%         N/A       100%        5
 Borgnjor's Vile Clutch   Necr/Erth      0%         N/A       100%        5
 Curse of Agony           Necr           0%         N/A       100%        5
 Lee's Rapid Deconstruct  Erth           0%         3d4*      100%        5
 Metabolic Englaciation   Hex/Ice        0%         N/A       100%        5
 Silence                  Hex/Air        0%         N/A       100%        5
 Bombard                  Conj/Erth      0%         9d1       100%        6
 Eringya's Noxious Bog    Alch           0%         4d6       100%        6
 Plasma Beam              Fire/Air       0%         2x1d10    100%        6
 Starburst                Conj/Fire      0%         6d3       100%        6
 Sculpt Simulacrum        Ice/Alch       Unusable   N/A       N/A         6

Dungeon Overview and Level Annotations

Branches:
Dungeon (11/15)            Temple (0/1) D:5            Lair (2/5) D:10
    Orc (0/2) D:10         Bailey (visited)
  Swamp: Lair:2-3    Shoals: Lair:2-3     Snake: Lair:2-3    Spider: Lair:2-3

Altars:
Ashenzari
Cheibriados
Dithmenos
Elyvilon
Hepliaklqana
Kikubaaqudgha
Makhleb
Nemelex Xobeh
Okawaru
Trog
Uskayaw
Vehumet
Xom
Zin

Shops:
D:4 *   D:7 ?   D:8 (*:*   D:11 *

Annotations:
D:4 2 transporters
D:6 Dowan, Duvessa


Innate Abilities, Weirdness & Mutations

You are a hulking beast.
Your limbs bulge with bestial killing power. (Slay +4)
You cannot wear most types of armour.
You are amphibious.
You can wear up to eight rings at the same time.
Your skin changes colour to match your surroundings (Stealth+).
Your rubbery body absorbs attacks. (AC +1, EV +1)
((You are camouflaged when in or above water. (Stealth+)))
You have tentacles for arms and can constrict up to eight enemies at once.


Message History

The seven-headed hydra bites you.
The seven-headed hydra completely misses you.
The seven-headed hydra bites you. The seven-headed hydra bites you!!
The seven-headed hydra closely misses you.
You block the seven-headed hydra's attack.
Unknown command.
Press: ? - help, v - describe, . - travel
Here: a seven-headed hydra (lightly wounded)
The floor.
Unknown command.
Okay, then.
You gain the combat prowess of a mighty hero.
You can no longer speed up your combat.
You block the seven-headed hydra's attack.
The seven-headed hydra closely misses you.
The seven-headed hydra misses you.
The seven-headed hydra completely misses you.
You block the seven-headed hydra's attack.
The seven-headed hydra completely misses you.
The seven-headed hydra bites you!
Unknown command.
Unknown command.
You bludgeon the seven-headed hydra! You squeeze the seven-headed hydra!
The seven-headed hydra is heavily wounded.
You block the seven-headed hydra's attack.
The seven-headed hydra completely misses you.
The seven-headed hydra bites you!
The seven-headed hydra barely misses you.
The seven-headed hydra closely misses you. x2
You block the seven-headed hydra's attack.
Unknown command.
Unknown command.
Unknown command.
The seven-headed hydra attacks as it pursues you!
You block the seven-headed hydra's attack.
The seven-headed hydra closely misses you.
The seven-headed hydra bites you!!
* * * LOW HITPOINT WARNING * * *
The seven-headed hydra bites you!
You die...

... ..# ... ... ..
#+...# .[.
..##.....##...
.#.#[..#....
......#...
#.#.⌠...#
#h#.....#
#D#Y..#.#
##.YY..##
#####+...#
#.......#######
##.#.#...?#.⌠.###
#.....Y.#......###
+...⌠...+†.<.⌠...#
#........†.......#


You could see a seven-headed hydra.

Vanquished Creatures
  Snorg (D:11)
  Harold (D:9)
  Erica (D:8)
  2 elephants (D:10)
  A gargoyle (D:11)
  An unseen horror (D:11)
  A rime drake (Lair:1)
  3 cane toads (Lair:1)
  3 komodo dragons
  A polar bear (Lair:1)
  A troll (D:8)
  A hornet (D:8)
  A raiju (Bailey)
  2 shadows
  4 wyverns
  2 basilisks (Lair:1)
  4 wraiths
  3 yaks
  4 water moccasins
  A black bear (D:7)
  7 orc warriors
  An ice beast (D:8)
  3 sky beasts
  5 centaurs
  3 wolves (Lair:1)
  A phantom (D:5)
  6 kobold brigands
  7 bullfrogs
  A gnoll sergeant (D:8)
  4 scorpions
  6 killer bees (D:10)
  11 howler monkeys
  4 hounds
  3 bombardier beetles
  5 jellies
  9 orc priests
  3 gnoll boudas
  4 iguanas
  4 orc wizards
  13 gnolls
  11 adders
  2 shadow imps
  A white imp (D:8)
  2 ufetubi (D:7)
  2 worms (D:2)
  2 dart slugs
  30 orcs
  3 bats
  13 endoplasms
  5 giant cockroaches
  14 goblins
  9 hobgoblins
  6 jackals (D:1)
  31 kobolds
  2 quokkas
  9 ball pythons
  A frilled lizard (D:3)
  4 rats
285 creatures vanquished.

Notes
Turn   | Place    | Note
-------+----------+-------------------------------------------
     0 | D:1      | walkinthepark the Octopode Shapeshifter began the quest for
                  | the Orb.
     0 | D:1      | Reached XP level 1. HP: 13/13 MP: 1/1
   188 | D:1      | Reached XP level 2. HP: 15/18 MP: 2/2
   604 | D:1      | Reached XP level 3. HP: 15/23 MP: 3/3
   742 | D:1      | Found a broken altar of Ashenzari.
  1628 | D:2      | Found a faded altar of an unknown god.
  1650 | D:2      | Reached skill level 4 in Unarmed Combat
  1650 | D:2      | Reached XP level 4. HP: 23/28 MP: 4/4
  2570 | D:3      | Reached XP level 5. HP: 28/33 MP: 5/5
  2744 | D:3      | Found a sparkling altar of Nemelex Xobeh.
  2885 | D:3      | Noticed a +0 hand axe
  2885 | D:3      | Noticed a +0 dagger
  2886 | D:3      | Found a hide-covered altar of Uskayaw.
  3014 | D:3      | Found an iron altar of Okawaru.
  3014 | D:3      | Found a snail-covered altar of Cheibriados.
  3014 | D:3      | Found a shimmering altar of Xom.
  3014 | D:3      | Found a hazy altar of Hepliaklqana.
  3014 | D:3      | Found a white marble altar of Elyvilon.
  3014 | D:3      | Found a broken altar of Ashenzari.
  3086 | D:3      | Reached skill level 5 in Unarmed Combat
  3092 | D:3      | Became a worshipper of Warmaster Okawaru
  3248 | D:3      | Reached XP level 6. HP: 38/38 MP: 6/6
  3478 | D:4      | Found Dottokk's General Store.
  3481 | D:4      | Bought a scroll of teleportation for 33 gold pieces
  3564 | D:4      | Found an iron altar of Okawaru.
  3616 | D:4      | Found a transporter.
  3640 | D:4      | Reached skill level 5 in Shapeshifting
  3740 | D:4      | Found a shadowy altar of Dithmenos.
  3901 | D:4      | Found a transporter.
  4198 | D:5      | Entered Level 5 of the Dungeon
  4337 | D:5      | Noticed a water moccasin
  4342 | D:5      | Found a burning altar of Makhleb.
  4460 | D:6      | Reached XP level 7. HP: 43/43 MP: 7/7
  4596 | D:6      | Noticed Duvessa
  4597 | D:6      | Noticed Dowan
  4916 | D:5      | Reached * piety under Okawaru
  5061 | D:5      | Found a staircase to the Ecumenical Temple.
  5309 | D:5      | Reached XP level 8. HP: 29/48 MP: 8/8
  5315 | D:5      | Reached skill level 5 in Dodging
  6819 | D:6      | Found an ancient bone altar of Kikubaaqudgha.
  6914 | D:6      | Reached skill level 1 in Shields
  7199 | D:7      | Reached ** piety under Okawaru
  7260 | D:7      | Found Kopsar's Magic Scroll Boutique.
  7269 | D:7      | Bought a scroll of identify for 22 gold pieces
  7269 | D:7      | Bought a scroll of identify for 22 gold pieces
  7271 | D:7      | Bought a scroll of identify for 22 gold pieces
  7271 | D:7      | Bought a scroll of revelation for 82 gold pieces
  7378 | D:7      | Reached skill level 6 in Unarmed Combat
  7378 | D:7      | Reached XP level 9. HP: 51/55 MP: 9/9
  7806 | D:7      | Reached skill level 7 in Unarmed Combat
  7809 | D:7      | Reached *** piety under Okawaru
  7810 | D:7      | Reached skill level 5 in Fighting
  8003 | D:7      | Bought 2 scrolls of teleportation for 66 gold pieces
  8003 | D:7      | Bought a scroll of teleportation for 33 gold pieces
  8100 | D:8      | Found Nameup's Weapon Shoppe.
  8105 | D:8      | Found Toiresel's Book Shoppe.
  8106 | D:8      | Found Musahini's Assorted Antiques.
  8107 | D:8      | Found Bommix Cei's Assorted Antiques.
  8124 | D:8      | Reached skill level 5 in Shields
  8413 | D:8      | Noticed a troll
  8649 | D:8      | Killed a troll
  8650 | D:8      | Reached XP level 10. HP: 52/68 MP: 10/10
  8674 | D:8      | Found a snail-covered altar of Cheibriados.
  9093 | D:8      | Noticed Erica
  9105 | D:8      | Killed Erica
  9106 | D:8      | Reached skill level 8 in Unarmed Combat
  9525 | D:9      | Noticed Harold
  9546 | D:9      | Killed Harold
  9694 | D:9      | Found a glowing silver altar of Zin.
 10083 | D:10     | Entered Level 10 of the Dungeon
 10218 | D:10     | Found a flagged portal.
 10233 | Bailey   | Entered a bailey
 10328 | Bailey   | Noticed an orc knight
 10377 | Bailey   | Found a large runed translucent door.
 10377 | Bailey   | Found a large runed translucent door.
 10378 | Bailey   | Noticed a deep elf pyromancer
 10401 | Bailey   | Reached skill level 9 in Unarmed Combat
 10443 | Bailey   | an orc knight changed into a raiju
 10827 | D:10     | Reached XP level 11. HP: 70/75 MP: 11/11
 11163 | D:10     | Found a staircase to the Lair.
 11326 | D:10     | Found a staircase to the Orcish Mines.
 11886 | D:10     | Found a bloodstained altar of Trog.
 11895 | D:10     | Found a radiant altar of Vehumet.
 12021 | D:11     | Noticed Snorg
 12040 | D:11     | Killed Snorg
 12125 | D:11     | Reached skill level 10 in Unarmed Combat
 12339 | D:11     | Found Yfihocoa's Assorted Antiques.
 12347 | D:11     | Bought a scroll labelled UGEYPEFASM for 23 gold pieces
 12347 | D:11     | Bought a scroll labelled UGEYPEFASM for 23 gold pieces
 12622 | Lair:1   | Entered Level 1 of the Lair of Beasts
 13213 | Lair:1   | Reached **** piety under Okawaru
 13432 | Lair:1   | Reached XP level 12. HP: 79/84 MP: 12/12
 13561 | Lair:2   | Noticed a seven-headed hydra
 13585 | Lair:2   | Slain by a seven-headed hydra

Illustrated notes

Levels and vault maps discovered:
D:1:      onia_arrival_mini_spirals, layout_loops_cross, minmay_hexomino_r4
D:2:      layout_loops_ring, hellmonk_ecumenical_altar_arch_garden,
          nicolae_concentric_dashed_squares_mild
D:3:      cheibrodos_fertilizer, layout_basic, dancing_weapons_uskayaw,
          mainiacjoe_overflow_brackets
D:4:      gammafunk_steamed_eel, layout_loops_cross,
          kennysheep_okawaru_gauntlet, nicolae_dithmenos_through_a_glass_darkly,
          serial_shops, shop, kennysheep_big_empty_room, st_stairs_14
D:5:      layout_basic, makhleb_heckhound_becter,
          minmay_temple_entry_proselytizer, corexii_hall_statues_x
D:6:      layout_basic, mainiacjoe_overflow_boulevard, serial_glass,
          glass_columns_c, glass_columns_a, glass_columns_a, glass_columns_a,
          glass_columns_c, small_statue_intersection, nrook_uturn, uniq_duvessa
D:7:      minmay_bubble_buster, layout_basic, serial_shops, shop,
          minmay_fractal_squares_gapless_5
D:8:      layout_rooms, mainiacjoe_overflow_cross_hatched,
          minmay_shop_grid_forest, uniq_erica
D:9:      layout_rooms, lemuel_round_altar, uniq_harold
D:10:     layout_stronghold, mainiacjoe_overflow_swirl,
          grunt_lair_entry_orc_guard_hut, david_orc_3, enter_bailey_3,
          grunt_decor_junction
D:11:     layout_roguey, serial_shops, shop, uniq_snorg
Lair:1:   layout_cave_pods, chequers_serial_rivers_micro_b
Lair:2:   layout_gridlike, grunt_megastairs_1

Skill      XL: |  1  2  3  4  5  6  7  8  9 10 11 |
---------------+----------------------------------+-----
Unarmed Combat | 4 5 6 7 9 10 | 10.0
Shapeshifting  | 4 5 6 7 9 |  9.7
Dodging        | 3 4 5 6 7 |  7.6
Shields        | 2 5 6 |  6.8
Fighting       | 2 5 7 8 |  8.7

Action                     |  1- 3 |  4- 6 |  7- 9 | 10-12 || total
---------------------------+-------+-------+-------+-------++-------
  Melee: Unarmed           |    65 |   125 |   229 |   336 ||   755
         Constrict         |    12 |    26 |    47 |    66 ||   151
         Tentacles         |    10 |    18 |    68 |    88 ||   184
         Punch             |       |     6 |    14 |    23 ||    43
 Invoke: Heroism           |       |       |     6 |    28 ||    34
  Evoke: Wand              |       |       |       |     9 ||     9
    Use: Scroll            |     5 |     9 |     5 |     9 ||    28
         Potion            |       |     4 |     1 |     5 ||    10
   Stab: Sleeping          |     4 |     6 |     6 |     8 ||    24
         Distracted        |       |     2 |       |     1 ||     3
         Invisible         |       |       |       |     3 ||     3
 Armour: Skin              |    20 |    20 |    79 |    91 ||   210
  Dodge: Dodged            |    35 |    76 |   210 |   261 ||   582
  Block: Buckler           |       |       |    55 |    99 ||   154

Table legend: (Time is in decaauts)
 A = Elapsed time spent in this place.
 B = Non-inter-level travel time spent in this place.
 C = Inter-level travel time spent in this place.
 D = Time resting spent in this place.
 E = Time spent auto-exploring this place.
 F = Levels seen in this place.
 G = Mean time per level.
                   A        B        C        D        E       F      G
               +--------+--------+--------+--------+--------+-----+--------+
         Total |  13489 |  12986 |    503 |   4092 |   5930 |  14 |  963.5 |
       Dungeon |  12041 |  11549 |    492 |   3887 |   5294 |  11 | 1094.6 |
          Lair |    950 |    940 |     10 |     50 |    636 |   2 |  475.0 |
        Bailey |    497 |    497 |      0 |    155 |      0 |   1 |  497.0 |
               +--------+--------+--------+--------+--------+-----+--------+

Top non-repeatable levels by time:
     D:5: 1933 daAuts
    D:10: 1400 daAuts
     D:1: 1255 daAuts
     D:2: 1222 daAuts
     D:8: 1220 daAuts
     D:3: 986 daAuts
  Lair:1: 927 daAuts
     D:6: 901 daAuts
     D:4: 862 daAuts
     D:9: 826 daAuts
     D:7: 812 daAuts
    D:11: 619 daAuts
  Bailey: 497 daAuts
  Lair:2: 23 daAuts
